 Dungeon Crawl Stone Soup version 0.18-a0-1542-g9c1a92e (webtiles) character file.

1897 namelastname112 the Martial Artist (level 8, -2/56 HPs)
             Began as a Grey Draconian Monk on Mar 10, 2016.
             Slain by an ogre
             ... wielding a +0 giant club
              (23 damage)
             ... on level 6 of the Dungeon.
             The game lasted 00:09:17 (6308 turns).

namelastname112 the Martial Artist (DrMo)           Turns: 6308, Time: 00:09:17

Health: -2/56      AC: 11    Str: 15    XL:     8   Next: 93%
Magic:  8/8        EV: 12    Int: 10    God:
Gold:   382        SH:  0    Dex: 10    Spells: 0 memorised, 7 levels left

rFire  . . .     SeeInvis .       - Unarmed
rCold  . . .     Gourm    .     (armour unavailable)
rNeg   . . .     Faith    .     (no shield)
rPois  .         Spirit   .     (helmet restricted)
rElec  .         Dismiss  .     (no cloak)
rCorr  .         Reflect  .     (no gloves)
SustAt .         Harm     .     (no boots)
MR     .....                    (no amulet)
Stlth  ++........               (no ring)
                                u - -3 ring of dexterity

@: not resistant to hostile enchantments, unstealthy
A: walk through water, unfitting armour, big wings, blurry vision 2, clumsy 1,
frail 1, unbreathing, evolution 1, cold-blooded, AC +11
a: Fly


You were on level 6 of the Dungeon.
You were not hungry.

You visited 1 branch of the dungeon, and saw 6 of its levels.

You collected 382 gold pieces.

Inventory:

Jewellery
 u - a -3 ring of dexterity (left hand)
 v - the ring "Wyh Fufa" {Fire MP-9 Int+2 Dex+2 Stlth+}
   (You took it off a hobgoblin on level 5 of the Dungeon)

   [ring of fire]

   It enhances your fire magic, and weakens your ice magic.
   It affects your intelligence (+2).
   It affects your dexterity (+2).
   It protects you from fire.
   It makes you vulnerable to cold.
   It affects your magic capacity (-9).
   It makes you more stealthy.
Wands
 p - a wand of slowing (45/48)
Scrolls
 b - a scroll of summoning {unknown}
 c - a scroll of magic mapping
 f - 2 scrolls of recharging
 j - 2 scrolls of amnesia
 n - 6 scrolls of remove curse
 q - a scroll of enchant armour {unknown}
Potions
 d - 2 potions of curing
 e - a potion of agility
 g - a potion of might {unknown}
 k - 2 potions of degeneration
 l - a potion of magic {unknown}
 o - a potion of cancellation {unknown}
 t - a potion of ambrosia {unknown}
Comestibles
 a - 2 bread rations
 i - a beef jerky
 s - 2 meat rations


   Skills:
 - Level 3.2 Fighting
 - Level 2.6 Dodging
 - Level 1.7 Stealth
 + Level 12.0 Unarmed Combat


You had 7 spell levels left.
You didn't know any spells.

Dungeon Overview and Level Annotations

Branches:
Dungeon (6/15)
 Temple: D:4-7

Altars:
Cheibriados
Dithmenos
Elyvilon
Fedhas
Gozag
Kikubaaqudgha
Nemelex Xobeh
Okawaru
Qazlal
Vehumet
Xom
Zin

Annotations:
D:6 Eustachio


Innate Abilities, Weirdness & Mutations

You can walk through water.
Your dull iron-grey scales are very hard (AC +11).
Your body does not fit into most forms of armour.
You can survive without breathing.
You are cold-blooded and may be slowed by cold attacks.
Your large and strong wings let you fly indefinitely.
Scrolls take you longer to read.
You are clumsy. (Dex -2)
You are frail (-10% HP).
You evolve.


Message History

You hit the iron imp.
The iron imp is severely wounded.
The iron imp disappears in a puff of smoke!
The iron imp closely misses you.
You punch the iron imp!
You kill the iron imp!
You hit the ogre.
The ogre is lightly wounded.
The ogre hits you with a giant club!!
You hit the ogre but do no damage.
The ogre is lightly wounded.
You punch the ogre!
The ogre is heavily wounded.
The ogre hits you with a giant club!
You barely miss the ogre.
Your tail-slap misses the ogre.
The ogre is heavily wounded.
You barely miss the ogre.
The ogre is heavily wounded.
The ogre hits you with a giant club!!
You die...

#####.....##.....# #.###.. .#####
### #######.# ####..
..#####.......# #.
........####### ## ....##### ##
....########## ...
....)..))[...################....
...#########....@O@..............
..## ##################.... ###
###


You could see Eustachio and an ogre.

Vanquished Creatures
  A water moccasin (D:5)
  2 ice beasts (D:5)
  2 phantoms
  2 sky beasts (D:5)
  3 ogres
  A necrophage (D:4)
  2 giant frogs (D:6)
  A howler monkey (D:6)
  A crimson imp (D:5)
  3 orc wizards (D:6)
  3 centaur skeletons
  An orc priest (D:4)
  4 hounds (D:4)
  An iguana (D:6)
  2 worker ants
  10 gnolls
  11 adders
  2 oozes
  An adder skeleton (D:4)
  4 worms
  2 dart slugs
  4 giant geckos
  13 orcs
  4 bats
  6 giant cockroaches
  4 goblins
  7 hobgoblins
  4 jackals (D:4)
  8 kobolds
  2 quokkas
  A giant gecko skeleton (D:4)
  A giant gecko zombie (D:5)
  2 giant newts
  6 rats
121 creatures vanquished.

Notes
Turn   | Place    | Note
--------------------------------------------------------------
     0 | D:1      | namelastname112 the Draconian Monk began the quest for the Orb.
     0 | D:1      | Reached XP level 1. HP: 19/19 MP: 1/1
   148 | D:1      | Reached XP level 2. HP: 23/26 MP: 2/2
   624 | D:2      | Reached skill level 5 in Unarmed Combat
   624 | D:2      | Reached XP level 3. HP: 21/31 MP: 3/3
   659 | D:2      | Found an opulent altar of Gozag.
   691 | D:2      | Noticed an angel
   692 | D:2      | Found a glowing silver altar of Zin.
   715 | D:2      | Found a sparkling altar of Nemelex Xobeh.
  1255 | D:2      | Found an iron altar of Okawaru.
  1372 | D:2      | Found a white marble altar of Elyvilon.
  1419 | D:3      | Reached XP level 4. HP: 38/38 MP: 4/4
  1420 | D:3      | Found a stormy altar of Qazlal.
  1502 | D:3      | HP: 1/38 [poisoned by an adder]
  2095 | D:3      | Reached skill level 6 in Unarmed Combat
  2408 | D:3      | Reached XP level 5. HP: 27/45 MP: 5/5
  2629 | D:3      | Found a snail-covered altar of Cheibriados.
  2733 | D:3      | Found an ancient bone altar of Kikubaaqudgha.
  3016 | D:4      | Noticed a necrophage
  3028 | D:4      | Killed a necrophage
  3028 | D:4      | Reached skill level 7 in Unarmed Combat
  3028 | D:4      | Reached XP level 6. HP: 26/49 MP: 6/6
  3307 | D:4      | Found a shadowy altar of Dithmenos.
  3307 | D:4      | Found a shimmering altar of Xom.
  3307 | D:4      | Found a blossoming altar of Fedhas.
  3309 | D:4      | Found a radiant altar of Vehumet.
  3309 | D:4      | Found a stormy altar of Qazlal.
  3756 | D:4      | Reached skill level 8 in Unarmed Combat
  4020 | D:4      | Your scales start taking on a dull iron-grey colour.
  4020 | D:4      | Reached XP level 7. HP: 26/57 MP: 7/7
  4020 | D:4      | Gained mutation: You can survive without breathing. [Grey Draconian growth]
  4389 | D:5      | Entered Level 5 of the Dungeon
  4398 | D:5      | Reached skill level 9 in Unarmed Combat
  4407 | D:5      | Gained mutation: Scrolls take you a little longer to read. [mutagenic meat]
  4408 | D:5      | Gained mutation: You are frail (-10% HP). [mutagenic meat]
  4493 | D:5      | Got a brightly glowing golden ring
  4809 | D:5      | Reached skill level 10 in Unarmed Combat
  4809 | D:5      | Reached XP level 8. HP: 15/56 MP: 8/8
  5320 | D:5      | Identified the ring "Wyh Fufa" {Fire MP-9 Int+2 Dex+2 Stlth+} (You took it off a hobgoblin on level 5 of the Dungeon)
  5326 | D:5      | Gained mutation: You are clumsy. (Dex -2) [potion of mutation]
  5326 | D:5      | Gained mutation: Scrolls take you longer to read. [potion of mutation]
  5326 | D:5      | Gained mutation: You evolve. [potion of mutation]
  5664 | D:5      | Gained mutation: Your large and strong wings let you fly indefinitely. [evolution]
  5731 | D:5      | Reached skill level 11 in Unarmed Combat
  6249 | D:6      | Reached skill level 12 in Unarmed Combat
  6280 | D:6      | Noticed Eustachio
  6308 | D:6      | Slain by an ogre

Vault maps used:
D:1:      minmay_arrival_stone_box
D:2:      nicolae_overflow_hidden_temple, old_standard_altar, zin_angel,
          okawaru_ov_weapons_minmay, first_bread, nicolae_gozag_seed_capital
D:3:      lemuel_upstairs_altar, cheibriados_altar_wand_db,
          kiku_gazebo_garden_becter, grunt_qazlal_sundering
D:4:      wad_crossroads, grunt_temple_overflow_open
D:5:      kennysheep_diamond
D:6:      minmay_temple_entry_nine_rooms, uniq_eustachio

Skill      XL: |  1  2  3  4  5  6  7  8 |
---------------+-------------------------+-----
Unarmed Combat | 5 6 7 8 10 12 | 12.0
Fighting       | |  3.2
Dodging        | |  2.6
Stealth        | |  1.7

Action                   |  1- 3 |  4- 6 |  7- 9 || total
-------------------------+-------+-------+-------++-------
Melee: Unarmed           |   100 |   214 |   222 ||   536
Evoke: Wand              |       |       |     1 ||     1
  Use: Potion            |       |     2 |     2 ||     4
       Scroll            |       |       |    10 ||    10
 Stab: Sleeping          |     4 |     2 |     1 ||     7
       Distracted        |     1 |       |     1 ||     2
  Eat: Chunk             |     1 |     8 |    10 ||    19
